 Dungeon Crawl Stone Soup version 0.20-a0-32-gb8e7c72 (webtiles) character file.

61 KristoblXynda the Charlatan (level 3, -2/18 HPs)
             Began as a Spriggan Artificer on Nov 9, 2016.
             Slain by a worm (9 damage)
             ... on level 2 of the Dungeon.
             The game lasted 00:02:23 (1803 turns).

KristoblXynda the Charlatan (Spriggan Artificer)    Turns: 1803, Time: 00:02:24

Health: -2/18      AC:  3    Str:  8    XL:     3   Next: 83%
Magic:  7/7        EV: 20    Int: 13    God:
Gold:   88         SH:  0    Dex: 16    Spells: 0 memorised, 2 levels left

rFire  . . .     SeeInvis +     a - +0 short sword
rCold  . . .     Gourm    .     b - +0 robe
rNeg   . . .     Faith    .     (shield restricted)
rPois  +         Spirit   .     (helmet restricted)
rElec  .         Reflect  .     j - +0 cloak
rCorr  .         Harm     .     (gloves unavailable)
MR     .....                    (boots unavailable)
Stlth  +++.......               (no amulet)
                                (no ring)
                                h - ring of poison resistance

@: very quick
A: unfitting armour, see invisible, herbivore 3, speed 3, slow metabolism 2
a: no special abilities


You were on level 2 of the Dungeon.
You were not hungry.

You visited 1 branch of the dungeon, and saw 2 of its levels.

You collected 88 gold pieces.

Inventory:

Hand Weapons
 a - a +0 short sword (weapon)
Armour
 b - a +0 robe (worn)
 j - a +0 cloak (worn)
Jewellery
 h - a ring of poison resistance (left hand)
Wands
 c - a wand of flame (7/48)
 d - a wand of enslavement (15/24)
 e - a wand of random effects (14/48)
Scrolls
 g - 2 scrolls of immolation {unknown}
 k - a scroll of identify {unknown}
 l - 2 scrolls of remove curse {unknown}
 m - 3 scrolls of teleportation {unknown}
Potions
 n - a potion of flight {unknown}
 o - 3 potions of curing {unknown}
Comestibles
 f - 4 bread rations
 i - a royal jelly


   Skills:
 + Level 1.1 Fighting
 - Level 1.1 Short Blades
 + Level 4.5 Dodging
 + Level 3.5 Stealth
 + Level 4.5 Evocations


You had 2 spell levels left.
You didn't know any spells.

Dungeon Overview and Level Annotations

Branches:
Dungeon (2/15)

Altars:
The Shining One


Innate Abilities, Weirdness & Mutations

You are very small and have problems with some larger weapons.
You are too small for most types of armour.
You have supernaturally acute eyesight. (SInv)
You are a herbivore.
You cover ground extremely quickly.
You need consume almost no food.


Message History

You open the door.
A worm comes into view.
Found a bread ration.
A worm is nearby!
You hit the worm.
The worm is moderately wounded.
You hit the worm but do no damage.
The worm is moderately wounded.
The worm bites you.
You barely miss the worm.
The worm is moderately wounded.
The worm bites you!
Ouch! That really hurt!
You hit the worm.
The worm is moderately wounded.
You barely miss the worm.
The worm is moderately wounded.
The worm bites you!
Ouch! That really hurt!
You die...

#######........##...####
#.#.##
..........####...##....#
#.#.# ###########
###..####.####...#
##....###....###
######...#..#
###..#####.# #####
###..### #.#
......#..### ...
.≈≈≈.%w@## ....
......#..# .#### #####
###.. ## ##.. #.. #


You could see a worm.

Vanquished Creatures
  An adder (D:2)
  A worm (D:2)
  3 dart slugs
  A leopard gecko (D:2)
  2 giant cockroaches (D:1)
  6 goblins
  6 hobgoblins
  6 kobolds
  A ball python (D:1)
  5 bats
  6 frilled lizards
  3 rats
41 creatures vanquished.

Notes
Turn   | Place    | Note
-------+----------+-------------------------------------------
     0 | D:1      | KristoblXynda the Spriggan Artificer began the quest for the Orb.
     0 | D:1      | Reached XP level 1. HP: 9/9 MP: 4/4
   228 | D:1      | Reached skill level 1 in Fighting
   237 | D:1      | Reached XP level 2. HP: 8/14 MP: 6/6
   850 | D:1      | Reached XP level 3. HP: 9/18 MP: 7/7
  1637 | D:2      | Found a glowing golden altar of the Shining One.
  1803 | D:2      | Slain by a worm

Vault maps used:
D:1:      ncdulo_wetmaze
D:2:      first_bread, grunt_decor_clamped, nicolae_tso_carved_into_rock

Skill      XL: |  1  2  3 |
---------------+----------+-----
Fighting       | 1 |  1.1
Stealth        | 2 3 |  3.5
Dodging        | 4 |  4.5
Short Blades   | |  1.1
Evocations     | |  4.5

Action                   || total
-------------------------++-------
Melee: Short sword       ||   141
Evoke: Wand              ||     9
 Stab: Sleeping          ||     7
       Paralysed         ||     1
Armor: Robe              ||    13
Dodge: Dodged            ||   111
